AoeStats
← theoneandonlybuzzer

Black Forest

506892108Analyzed
2v2 RM · 17d ago on Sep 15, 2026· 53m 52s· 4 players
Game mode
Random Map
Map size
Medium (4 player)
Population
200
Speed
Normal
Resources
Standard
Victory
Conquest
Starting age
Dark Age
Ending age
Imperial Age
RankedLock teamsTeams togetherTeam positionsShared explorationLock speedFull tech treeHidden civsTurbo modeCheats
Victory
Defeat
🇳🇴 Dravidians · Norway
1019
+16
🇮🇳 Khmer · India
1013
+16
🇩🇪 Bohemians · Germany
1124
-20
🇩🇪 Byzantines · Germany
923
-35
qru
1:08 Loom
14:52 Feudal Age
16:04 Double-Bit Axe
16:00 Horse Collar
22:05 Castle Age
20:48 Gold Mining
20:49 Stone Mining
20:53 Fletching
21:04 Padded Archer Armor
23:27 Bow Saw
23:19 Heavy Plow
23:42 Bodkin Arrow
24:04 Leather Archer Armor
26:44 Wheelbarrow
30:12 Hand Cart
33:45 Imperial Age
32:37 Ballistics
33:16 Masonry
33:30 Thumb Ring
34:04 Town Watch
34:00 Elite Elephant Archer
34:44 Bracer
35:50 Caravan
37:14 Town Patrol
38:25 Medical Corps
38:43 Conscription
38:59 Hoardings
40:02 Chemistry
40:43 Two-Man Saw
40:38 Ring Archer Armor
43:24 Devotion
52:22 Coinage
52:03 Guilds
RajaPuru
1:54 Loom
11:39 Feudal Age
13:00 Double-Bit Axe
17:26 Castle Age
15:28 Horse Collar
15:50 Gold Mining
15:59 Stone Mining
18:40 Wheelbarrow
18:15 Town Watch
24:11 Bow Saw
24:16 Bloodlines
27:08 Forging
28:51 Scale Barding Armor
29:52 Iron Casting
30:57 Hand Cart
31:17 Heavy Plow
31:43 Chain Barding Armor
32:01 Town Patrol
35:34 Imperial Age
34:44 Tusk Swords
36:19 Ballistics
36:40 Double Crossbow
38:12 Chemistry
37:51 Plate Barding Armor
38:17 Blast Furnace
39:22 Caravan
40:34 Siege Engineers
39:58 Pikeman
41:57 Light Cavalry
43:22 Scale Mail Armor
42:51 Hussar
44:32 Heavy Scorpion
theoneandonlybuzzer
0:36 Loom
13:29 Feudal Age
14:25 Town Watch
17:58 Castle Age
18:18 Double-Bit Axe
18:15 Horse Collar
23:15 Wheelbarrow
29:37 Scale Mail Armor
29:28 Fletching
30:18 Bow Saw
30:55 Heavy Plow
31:52 Hand Cart
35:54 Imperial Age
35:21 Chemistry
34:42 Ballistics
35:02 Masonry
35:01 Wagenburg Tactics
34:45 Pikeman
35:25 Squires
35:59 Chain Mail Armor
35:46 Padded Archer Armor
36:54 Siege Engineers
36:18 Halberdier
36:42 Halberdier
38:51 Plate Mail Armor
38:37 Leather Archer Armor
38:17 Bodkin Arrow
38:45 Conscription
38:48 Houfnice
40:29 Forging
40:40 Elite Skirmisher
42:14 Guilds
42:05 Caravan
43:07 Two-Man Saw
43:14 Ring Archer Armor
42:45 Bracer
42:13 Onager
43:37 Architecture
42:48 Treadmill Crane
43:03 Murder Holes
43:20 Fortified Wall
44:19 Iron Casting
46:21 Bombard Tower
47:54 Scale Barding Armor
48:49 Blast Furnace
49:10 Cavalier
49:50 Husbandry
50:53 Chain Barding Armor
51:01 Arson
DoriisGod
16:10 Feudal Age
18:00 Horse Collar
22:59 Castle Age
23:29 Wheelbarrow
23:23 Double-Bit Axe
26:12 Hand Cart
30:53 Heavy Plow
37:35 Light Cavalry
38:20 Squires
37:40 Pikeman
42:48 Fletching
43:08 Forging
42:59 Padded Archer Armor
42:59 Scale Mail Armor
43:04 Scale Barding Armor
43:09 Husbandry
46:47 Imperial Age
48:24 Halberdier
Connection lost

Rejoining the realm…

Still unreachable

The connection could not be restored.

Session expired

The server has moved on; the page needs a fresh start.